 Dungeon Crawl Stone Soup version 0.26-a0-1020-ge47f559bc5 (webtiles) character file.

Game seed: 12473093876278263376

120 KristoblXynda the Ducker (level 4, -1/24 HPs)
             Began as a Spriggan Berserker on Dec 8, 2020.
             Was a Believer of Trog.
             Slain by Natasha (2 damage)
             ... on level 2 of the Dungeon.
             The game lasted 00:02:39 (1488 turns).

KristoblXynda the Ducker (Spriggan Berserker)       Turns: 1488, Time: 00:02:40

Health: -1/24      AC:  2    Str: 13    XL:     4   Next: 75%
Magic:  5/5        EV: 21    Int:  8    God:    Trog [**....]
Gold:   108        SH:  0    Dex: 16    Spells: 3/3 levels left

rFire    . . .     SeeInvis +   a - +0 short sword
rCold    . . .     Faith    .   (shield restricted)
rNeg     . . .     Spirit   .   b - +0 animal skin
rPois    .         Reflect  .   (helmet restricted)
rElec    .         Harm     .   (no cloak)
rCorr    .         Rampage  .   (gloves unavailable)
Will     .....                  (boots unavailable)
Stlth    ++........             (no amulet)
HPRegen  0.08/turn              (no ring)
MPRegen  0.09/turn              (no ring)

@: lethally poisoned (-1 -> -2), berserk cooldown, slowed, quick
A: very small, unfitting armour, see invisible, speed 3
a: Berserk, Trog's Hand, Renounce Religion


You were on level 2 of the Dungeon.
You worshipped Trog.
Trog was pleased with you.
You visited 1 branch of the dungeon, and saw 2 of its levels.

You collected 108 gold pieces.

Inventory:

Hand Weapons
 a - a +0 short sword (weapon)
Armour
 b - a +0 animal skin (worn)
Scrolls
 c - a scroll of remove curse
 d - 2 scrolls of amnesia
 f - 2 scrolls of identify
 k - a scroll of enchant weapon {unknown}
 l - a scroll of enchant armour {unknown}
 m - a scroll of noise {unknown}
 n - a scroll of fog {unknown}
Potions
 e - 2 potions of curing
 g - a potion of flight
 h - a potion of brilliance
 i - a potion of might {unknown}
 j - a potion of experience {unknown}


   Skills:
 + Level 3.1 Fighting
 + Level 4.2 Short Blades
 + Level 5.5 Dodging
 + Level 3.1 Stealth


You had 3 spell levels left.
You didn't know any spells.
Your spell library was empty.

Dungeon Overview and Level Annotations

Branches:
Dungeon (2/15)

Altars:

Annotations:
D:2 Natasha


Innate Abilities, Weirdness & Mutations

You are very small and have problems with some larger weapons.
You are too small for most types of armour.
You have supernaturally acute eyesight. (SInv)
You cover ground extremely quickly.


Message History

Natasha is severely wounded.
You are no longer berserk.
You are exhausted.
You feel yourself slow down.
You feel sick. Natasha closely misses you. The white imp misses you.
You hit Natasha.
Natasha is severely wounded.
Natasha claws you. The white imp gestures at you. The puff of frost hits you!
* * * LOW HITPOINT WARNING * * *
You hit Natasha.
Natasha is almost dead.
Natasha barely misses you. The white imp closely misses you.
Unknown command.
There is a stone staircase leading up here.
* * * LOW HITPOINT WARNING * * *
You feel sick. Natasha closely misses you. The white imp completely misses you.
Natasha claws you.
You die...

.......#.........#######.#
.......#.................#
.......#..........##.#####
....)..#..........##.....#
........(#)†..[...##.###.#
......).(#...)....##.###
#####÷..g#..............
.........#...........##.
.........#######@....+
...........g...h5....#
.....###.............#
..... #.............#
..... #.............#
..... #.........#####
#(........# .....!...#
.........#


You could see Natasha, a gnoll and a white imp (summoned).

Vanquished Creatures
  Natasha (twice) (D:2)
  2 adders (D:2)
  2 gnolls (D:2)
  4 giant cockroaches (D:1)
  8 goblins
  5 hobgoblins
  3 kobolds
  A ball python (D:1)
  4 bats (D:1)
  A frilled lizard (D:1)
32 creatures vanquished.

Notes
Turn   | Place    | Note
-------+----------+-------------------------------------------
     0 | D:1      | KristoblXynda the Spriggan Berserker began the quest for
                  | the Orb.
     0 | D:1      | Reached XP level 1. HP: 11/11 MP: 2/2
   294 | D:1      | You fall into a shaft and drop 1 floor!
   297 | D:2      | Noticed Natasha
   342 | D:2      | Killed Natasha
   343 | D:2      | Reached skill level 5 in Dodging
   343 | D:2      | Reached skill level 1 in Stealth
   343 | D:2      | Reached XP level 2. HP: 16/16 MP: 3/3
   343 | D:2      | Reached XP level 3. HP: 19/19 MP: 4/4
   511 | D:2      | Noticed Natasha
  1392 | D:2      | Killed Natasha
  1393 | D:2      | Reached XP level 4. HP: 24/24 MP: 5/5
  1403 | D:2      | Noticed Natasha
  1472 | D:2      | Reached ** piety under Trog
  1488 | D:2      | HP: 1/24 [poisoned by an adder]
  1488 | D:2      | Slain by Natasha

Illustrated notes

Levels and vault maps discovered:
D:1:      lightli_arrival_flooded_house, layout_loops_cross
D:2:      layout_basic, grunt_temple_overflow_forces_of_nature,
          chequers_temple_overflow_statue_of_worship, uniq_natasha, uniq_robin

Skill      XL: |  1  2  3  4 |
---------------+-------------+-----
Dodging        | 5 |  5.5
Stealth        | 1 2 3 |  3.1
Fighting       | 3 |  3.1
Short Blades   | 4 |  4.2

Action                   |  1- 3 |  4- 6 || total
-------------------------+-------+-------++-------
Melee: Short sword       |   102 |    17 ||   119
Invok: Berserk           |     3 |     1 ||     4
  Use: Scroll            |     5 |       ||     5
 Stab: Sleeping          |     2 |       ||     2
Armor: Animal skin       |    11 |       ||    11
Dodge: Dodged            |    95 |    14 ||   109

Table legend: (Time is in decaauts)
 A = Elapsed time spent in this place.
 B = Non-inter-level travel time spent in this place.
 C = Inter-level travel time spent in this place.
 D = Time resting spent in this place.
 E = Time spent auto-exploring this place.
 F = Levels seen in this place.
 G = Mean time per level.
                   A        B        C        D        E       F      G
               +--------+--------+--------+--------+--------+-----+--------+
         Total |   1208 |   1182 |     26 |    362 |    489 |   2 |  604.0 |
       Dungeon |   1208 |   1182 |     26 |    362 |    489 |   2 |  604.0 |
               +--------+--------+--------+--------+--------+-----+--------+

Top non-repeatable levels by time:
     D:1: 918 daAuts
     D:2: 289 daAuts
